 Dungeon Crawl Stone Soup version 0.31-a0-1321-g5021b54cb2 (webtiles) character file.

Game seed: 1214978263121571967

688 MachoJfn the Magician (level 7, -4/45 HPs)
             Began as a Djinni Fire Elementalist on Dec 20, 2023.
             Was an Initiate of Fedhas.
             Slain by variable76's ghost (8 damage)
             ... on level 5 of the Dungeon.
             The game lasted 00:16:03 (4348 turns).

MachoJfn the Magician (Djinni Fire Elementalist)    Turns: 4348, Time: 00:16:05

Health: -4/45      AC:  6    Str:  7    XL:     7   Next: 94%
Gold:   224        EV: 13    Int: 17    God:    Fedhas [......] SH:  0 Dex: 21

rFire   + + +        (no weapon)
rCold   x x .        (no shield)
rNeg    . . .        p - +2 leather armour "Goucw" {Will+ Int-2 Dex+8}
rPois   ∞            (no helmet)
rElec   .            a - +0 cloak {rCorr}
rCorr   +            (no gloves)
SInv    .            (boots unavailable)
Will    +++..        (no amulet)
Stlth   ++           o - ring of fire
HPRegen 0.27/turn    (no ring)
MPRegen 0.00/turn

%: infuse magic (-5 HP)
@: brilliant, on berserk cooldown, on blink cooldown, enlightened, flying,
slowed, very slow
A: sickness immunity, fire resistance 2, cold vulnerability 1, float, innate
caster, HP casting, extra vitality 1, strong-willed 1, mutation resistance 1
a: Renounce Religion


You were on level 5 of the Dungeon.
You worshipped Fedhas.
Fedhas was noncommittal.
You visited 2 branches of the dungeon, and saw 7 of its levels.

You collected 224 gold pieces.

Inventory:

Hand Weapons
 g - a +1 spear of flaming
Missiles
 b - 41 stones
 e - 6 poisoned darts
Armour
 a - a +0 cloak of preservation (worn)
 p - the +2 leather armour "Goucw" (worn) {Will+ Int-2 Dex+8}
   (You found it on level 3 of the Dungeon)

   Int-2:     It affects your intelligence (-2).
   Dex+8:     It affects your dexterity (+8).
   Will+:     It increases your willpower.
Jewellery
 o - a ring of fire (left hand)
Wands
 d - a wand of paralysis (6)
Scrolls
 i - 5 scrolls of teleportation
 l - a scroll of blinking
 q - a scroll of torment
Potions
 c - 4 potions of degeneration
 j - a potion of cancellation


   Skills:
 + Level 1.9 Armour
 - Level 2.9 Dodging
 + Level 3.0 Stealth
 - Level 0.3 Unarmed Combat
 * Level 6.2 Spellcasting
 * Level 6.2 Conjurations
 * Level 6.2 Hexes
 * Level 6.2 Summonings
 * Level 6.2 Necromancy
 * Level 6.2 Translocations
 * Level 6.2 Fire Magic
 * Level 6.2 Ice Magic
 * Level 6.2 Air Magic
 * Level 6.2 Earth Magic
 * Level 6.2 Alchemy


You knew the following spells:

 Your Spells              Type           Power      Damage    Failure   Level
a - Foxfire               Conj/Fire      100%       2x1d9     1%          1
b - Scorch                Fire           100%       2d9       2%          2
c - Volatile Blastmotes   Fire/Tloc      100%       2d18      4%          3
d - Inner Flame           Hex/Fire       56%        N/A       4%          3
e - Flame Wave            Conj/Fire      56%        2d13      14%         4
f - Slow                  Hex            100%       N/A       1%          1
g - Blink                 Tloc           78%        N/A       2%          2
h - Passwall              Alch/Erth      32%        N/A       2%          2
Your spell library was empty.

Dungeon Overview and Level Annotations

Branches:
Dungeon (6/15)             Temple (1/1) D:5

Altars:
Ashenzari
Cheibriados
Dithmenos
Elyvilon
Fedhas
Gozag
Hepliaklqana
Makhleb
Qazlal
Trog
Uskayaw
Zin
The Shining One

Shops:
D:1 ?(?   D:5 =

Annotations:
D:5 variable76's ghost, novice MiFi
Temple 2 transporters


Innate Abilities, Weirdness & Mutations

You are immune to sickness and miasma.
You are immune to poison.
Your flesh is very heat resistant. (rF++)
You are vulnerable to cold. (rC-)
You float through the air rather than walking.
You learn spells naturally, not from books.
Your magical power is your life essence.
You have superior vitality. (+4 MHP)
You are strong-willed. (Will+)
You are somewhat resistant to further mutation.


Message History

Variable76's ghost hits you but does no damage.
You writhe in agony.
You feel a strong urge to attack something.
Variable76's ghost says very slowly, "There's no hope."
Variable76's ghost attacks as it pursues you!
Variable76's ghost barely misses you.
You feel your anger nearly subside.
You are no longer berserk.
You are exhausted.
You feel yourself slow down.
It was a potion of brilliance.
You feel clever all of a sudden.
Casting: Scorch (safe; 2% risk of failure)
Confirm with . or Enter, or press ? or * to list all spells.
You feel a strong surge of power!
Flames lash variable76's ghost but do no damage.
Variable76's ghost barely misses you. Variable76's ghost hits you!
* * * LOW HITPOINT WARNING * * *
Unknown command.
It was a potion of heal wounds.
You feel much better. Variable76's ghost barely misses you.
It was a potion of mutation.
You feel extremely strange.
You feel strong-willed.
You feel genetically stable.
Variable76's ghost hits you but does no damage.
You writhe in agony.
Variable76's ghost hits you!
You writhe in agony.
Casting: Scorch (safe; 2% risk of failure)
Confirm with . or Enter, or press ? or * to list all spells.
You feel a strong surge of power!
Flames lash variable76's ghost.
Variable76's ghost is moderately damaged.
Variable76's ghost's fire resistance burns away.
* * * LOW HITPOINT WARNING * * *
Variable76's ghost hits you!
* * * LOW HITPOINT WARNING * * *
Casting: Scorch (safe; 2% risk of failure)
Confirm with . or Enter, or press ? or * to list all spells.
You feel a surge of power!
You blink.
* * * LOW HITPOINT WARNING * * *
Variable76's ghost is no longer more vulnerable to fire.
Variable76's ghost hits you!
You die...
Fedhas appreciates your contribution to the ecosystem.

#.# #.......##.###
#.## #.##..####.###
##.##~####.......#..
##.#[# ##......#.#
##..#~# ########
#..##~# #.###~## .
#.###~### ##
#.#@#'#.# #
#.#.W...# #
#..§##### # #####


You could see variable76's ghost.

Vanquished Creatures
  2 black bears
  An ogre (D:4)
  3 scorpions
  An iguana (D:4)
  10 gnolls
  5 adders
  2 dart slugs
  5 endoplasms
  4 giant cockroaches
  6 goblins
  6 hobgoblins
  5 quokkas
  8 ball pythons
  5 bats
  5 frilled lizards
  9 kobolds
  22 rats
99 creatures vanquished.

Vanquished Creatures (others)
  118 foxfires
118 creatures vanquished.

Grand Total: 217 creatures vanquished

Notes
Turn   | Place    | Note
-------+----------+-------------------------------------------
     0 | D:1      | MachoJfn the Djinni Fire Elementalist began the quest for
                  | the Orb.
     0 | D:1      | MachoJfn set off with the following spells memorised:
                  | Foxfire, Scorch, Volatile Blastmotes, Inner Flame, Flame
                  | Wave.
     0 | D:1      | Reached XP level 1. HP: 15/15 MP: 0/0
     2 | D:1      | Noticed a felid
     4 | D:1      | Noticed a naga
     6 | D:1      | Noticed a troll
     6 | D:1      | Noticed an armataur
     8 | D:1      | Noticed a minotaur
     8 | D:1      | Noticed a formicid
    10 | D:1      | Noticed a spriggan
    10 | D:1      | Noticed a demigod
    12 | D:1      | Noticed a vine stalker
    12 | D:1      | Noticed a draconian
    14 | D:1      | Noticed a human
    14 | D:1      | Noticed a ghoul
    16 | D:1      | Noticed a vampire
    16 | D:1      | Noticed a demonspawn
    18 | D:1      | Noticed a tengu
    18 | D:1      | Noticed an ogre
    20 | D:1      | Noticed a merfolk
    22 | D:1      | Noticed an octopode
    22 | D:1      | Noticed an elf
    24 | D:1      | Noticed a gargoyle
    24 | D:1      | Noticed a tengu
    26 | D:1      | Noticed an octopode
    26 | D:1      | Noticed a merfolk
    63 | D:1      | Reached XP level 2. HP: 20/21 MP: 0/0
   199 | D:1      | Reached XP level 3. HP: 19/25 MP: 0/0
   199 | D:1      | Learned a level 1 spell: Slow
   464 | D:1      | Found Mode's Magic Scroll Boutique.
   645 | D:1      | Found Suahem's Weapon Boutique.
   773 | D:1      | Found Kepnir's Magic Scroll Emporium.
  1236 | D:2      | Reached XP level 4. HP: 29/31 MP: 0/0
  1899 | D:3      | Found a bloodstained altar of Trog.
  1953 | D:3      | Reached XP level 5. HP: 28/35 MP: 0/0
  1953 | D:3      | Learned a level 2 spell: Blink
  2108 | D:3      | Identified the +2 leather armour "Goucw" {Will+ Int-2
                  | Dex+8}
  2125 | D:3      | Identified a scroll of acquirement
  2125 | D:3      | Acquired a +0 cloak of preservation
  2158 | D:3      | Found a blossoming altar of Fedhas.
  2168 | D:3      | Became a worshipper of Fedhas Madash
  2254 | D:3      | You are sucked into a shaft and drop 3 floors!
  2289 | D:5      | Entered Level 5 of the Dungeon
  2289 | D:5      | Found Xoesh's Jewellery Shoppe.
  2467 | D:3      | Found an opulent altar of Gozag.
  2467 | D:3      | Found a glowing silver altar of Zin.
  2833 | D:4      | Reached XP level 6. HP: 31/40 MP: 0/0
  3118 | D:4      | Noticed an ogre
  3132 | D:4      | Reached skill level 5 in Spellcasting
  3132 | D:4      | Reached skill level 5 in Conjurations
  3132 | D:4      | Reached skill level 5 in Hexes
  3132 | D:4      | Reached skill level 5 in Summonings
  3132 | D:4      | Reached skill level 5 in Necromancy
  3132 | D:4      | Reached skill level 5 in Translocations
  3132 | D:4      | Reached skill level 5 in Fire Magic
  3132 | D:4      | Reached skill level 5 in Ice Magic
  3132 | D:4      | Reached skill level 5 in Air Magic
  3132 | D:4      | Reached skill level 5 in Earth Magic
  3132 | D:4      | Reached skill level 5 in Alchemy
  3133 | D:4      | Killed an ogre
  3134 | D:4      | Reached skill level 1 in Armour
  3361 | D:4      | Reached XP level 7. HP: 32/45 MP: 0/0
  3361 | D:4      | Learned a level 2 spell: Passwall
  4118 | D:5      | Found a staircase to the Ecumenical Temple.
  4256 | Temple   | Found a transporter.
  4256 | Temple   | Found a transporter.
  4256 | Temple   | Found a transporter.
  4256 | Temple   | Found a transporter.
  4256 | Temple   | Entered the Ecumenical Temple
  4313 | D:5      | Found a runed translucent door.
  4316 | D:5      | Noticed variable76's ghost (novice MiFi)
  4346 | D:5      | Gained mutation: You are strong-willed. (Will+) [potion of
                  | mutation]
  4346 | D:5      | Gained mutation: You are somewhat resistant to further
                  | mutation. [potion of mutation]
  4348 | D:5      | Slain by variable76's ghost

Illustrated notes

Levels and vault maps discovered:
D:1:      kb_arrival_jail, layout_basic, serial_shops, nicolae_shop_waterfront,
          nicolae_lakefront_shop, shop, minmay_tetromino_i4
D:2:      layout_loops_ring, minmay_rat_hole
D:3:      layout_loops_ring, grunt_temple_overflow_gold_and_silver,
          lightli_temple_of_fire, overflow_temple_1_default, st_stairs_12
D:4:      layout_loops_cross
D:5:      minmay_chambers_of_threes, layout_loops_cross, temple_fountains,
          ebering_ghost_sewer_d, serial_shops, nicolae_stop_n_shop_1,
          chequers_garden, uniq_grinder, uniq_edmund
D:6:      layout_cave_pods, led_xom_imps
Temple:   hellmonk_temple_divided_pantheon

Skill      XL: |  1  2  3  4  5  6  7 |
---------------+----------------------+-----
Stealth        | 2 3 |  3.0
Spellcasting   | 4 5 6 |  6.2
Conjurations   | 4 5 6 |  6.2
Hexes          | 4 5 6 |  6.2
Summonings     | 4 5 6 |  6.2
Necromancy     | 4 5 6 |  6.2
Translocations | 4 5 6 |  6.2
Fire Magic     | 4 5 6 |  6.2
Ice Magic      | 4 5 6 |  6.2
Air Magic      | 4 5 6 |  6.2
Earth Magic    | 4 5 6 |  6.2
Alchemy        | 4 5 6 |  6.2
Armour         | 1 |  1.9
Dodging        | |  2.9
Unarmed Combat | |  0.3

Action                     |  1- 3 |  4- 6 |  7- 9 || total
---------------------------+-------+-------+-------++-------
  Melee: Unarmed           |     2 |     3 |     5 ||    10
   Cast: Foxfire           |    28 |    44 |     2 ||    74
         Scorch            |    13 |    32 |    30 ||    75
         Volatile Blastmot |       |     2 |     3 ||     5
         Blink             |       |     1 |     1 ||     2
    Use: Scroll            |     2 |     8 |       ||    10
         Potion            |       |     3 |     6 ||     9
 Armour: Robe              |     4 |     5 |       ||     9
         Leather armour    |       |    12 |    20 ||    32
  Dodge: Dodged            |     6 |    11 |    11 ||    28

Table legend: (Time is in decaauts)
 A = Elapsed time spent in this place.
 B = Non-inter-level travel time spent in this place.
 C = Inter-level travel time spent in this place.
 D = Time resting spent in this place.
 E = Time spent auto-exploring this place.
 F = Levels seen in this place.
 G = Mean time per level.
                   A        B        C        D        E       F      G
               +--------+--------+--------+--------+--------+-----+--------+
         Total |   4349 |   3752 |    597 |    241 |   2944 |   7 |  621.3 |
       Dungeon |   4327 |   3750 |    577 |    241 |   2944 |   6 |  721.2 |
        Temple |     21 |      1 |     20 |      0 |      0 |   1 |   21.0 |
               +--------+--------+--------+--------+--------+-----+--------+

Top non-repeatable levels by time:
     D:1: 1121 daAuts
     D:4: 988 daAuts
     D:3: 982 daAuts
     D:2: 898 daAuts
     D:5: 301 daAuts
     D:6: 34 daAuts
  Temple: 21 daAuts
